 Dungeon Crawl Stone Soup version 0.30.0-19-g36f170ea60 (webtiles) character file.

Game seed: 10565540484190493583

1795 olmar the Magician (level 8, 0/58 HPs)
             Began as a Mummy Necromancer on May 28, 2023.
             Killed from afar by an electric eel (7 damage)
             ... with a bolt of electricity
             ... on level 6 of the Dungeon.
             The game lasted 00:10:30 (5938 turns).

olmar the Magician (Mummy Necromancer)              Turns: 5938, Time: 00:10:31

Health: 0/58       AC:  3    Str: 11    XL:     8   Next: 83%
Magic:  16/19      EV: 13    Int: 17    God:
Gold:   236        SH:  0    Dex: 12    Spells: 14/22 levels left

rFire   x . .        l - +2 short sword (drain)
rCold   + . .        (no shield)
rNeg    + + +        a - +0 robe
rPois   ∞            (no helmet)
rElec   .            (no cloak)
rCorr   +            r - +0 pair of gloves
SInv    .            (no boots)
Will    +....        f - amulet of regeneration
Stlth   ++           u - ring of resist corrosion
HPRegen 1.09/turn    (no ring)
MPRegen 0.16/turn

%: faith
@: no status effects
A: cold resistance 1, negative energy resistance 3, torment resistance 2, heat
vulnerability 1, in touch with death 1, no potions, faith
a: no special abilities


You were on level 6 of the Dungeon.
You visited 1 branch of the dungeon, and saw 6 of its levels.

You collected 236 gold pieces.

Inventory:

Hand Weapons
 b - a +0 dagger
 c - a +0 short sword
 j - the +2 whip of Motejets {venom, rPois rCorr Int-4}
   (You found it on level 2 of the Dungeon)

   Int:       It affects your intelligence (-4).
   rPois:     It protects you from poison.
   rCorr:     It protects you from acid and corrosion.
 l - a +2 short sword of draining (weapon)
 m - a +1 dagger of draining
Missiles
 e - 23 poisoned darts
Armour
 a - a +0 robe (worn)
 r - a +0 pair of gloves (worn)
Jewellery
 f - an amulet of regeneration (around neck)
 u - a ring of resist corrosion (left hand)
Wands
 k - a wand of acid (6) (quivered)
 s - a wand of roots (5)
Scrolls
 g - a scroll of fog
 h - a scroll of enchant weapon
 i - 4 scrolls of teleportation
 n - 3 scrolls of vulnerability {unknown}
 o - a scroll of amnesia {unknown}
 p - a scroll of fear {unknown}
 q - a scroll of noise {unknown}
 t - a scroll of brand weapon {unknown}
 v - 2 scrolls of magic mapping {unknown}
 w - a scroll of blinking {unknown}


   Skills:
 + Level 3.2 Fighting
 + Level 3.8 Short Blades
 + Level 1.2 Maces & Flails
 + Level 3.8 Dodging
 - Level 1.5 Stealth
 + Level 7.5 Spellcasting
 + Level 7.3 Necromancy


You had 14 spell levels left.
You knew the following spells:

 Your Spells              Type           Power      Damage    Failure   Level
a - Necrotise             Necr           100%       1d9       1%          1
b - Vampiric Draining     Necr           46%        2d9       1%          3
c - Animate Dead          Necr           46%        N/A       5%          4

Your spell library contained the following spells:

 Spells                   Type           Power      Damage    Failure   Level
 Agony                    Necr           46%        N/A       16%         5
 Ensorcelled Hibernation  Hex/Ice        12%        N/A       17%         2
 Passwall                 Tmut/Erth      5%         N/A       17%         2
 Swiftness                Air            6%         N/A       32%         3
 Vhi's Electric Charge    Tloc/Air       12%        N/A       32%         3
 Summon Ice Beast         Ice/Summ       6%         N/A       73%         4
 Arcjolt                  Conj/Air       3%         1d13      97%         5
 Summon Mana Viper        Hex/Summ       6%         N/A       97%         5
 Plasma Beam              Fire/Air       3%         2x1d14    100%        6
 Monstrous Menagerie      Summ           3%         N/A       100%        7


Dungeon Overview and Level Annotations

Branches:
Dungeon (6/15)
 Temple: D:4-7

Altars:
Dithmenos
Yredelemnul

Annotations:
D:5 1 runed translucent door


Innate Abilities, Weirdness & Mutations

You are immune to poison.
Your flesh is cold resistant. (rC+)
You are immune to negative energy. (rN+++)
You are immune to unholy pain and torment.
You are vulnerable to heat. (rF-)
You are in touch with the powers of death.
You do not drink.
You have a special connection with the divine. (Faith)


Message History

* * * LOW HITPOINT WARNING * * *
The phantom blinks!
You blink.
Splash!
You fall into the shallow water.
Moving in this stuff is going to be slow.
The electric eel shoots out a bolt of lightning at you!
The bolt of electricity misses you.
Casting: Vampiric Draining (safe; 1% risk of failure)
Confirm with . or Enter, or press ? or * to list all spells.
Okay, then.
Aiming: Corrosive Bolt
Press: ? - help, Q - select action, (/) - cycle Shift-Dir - straight line, f/p - electric eel
Aim: an electric eel (severely wounded, heavily drained, 53% to hit)
The bolt of acid hits the electric eel!
The acid corrodes the electric eel!
You kill the electric eel!
The phantom hits you.
* * * LOW HITPOINT WARNING * * *
The phantom blinks!
You blink.
Splash!
Unknown command.
Aiming: Corrosive Bolt
Press: ? - help, Q - select action, (/) - cycle Shift-Dir - straight line, f - phantom
Aim: a phantom (lightly damaged, 60% to hit)
The bolt of acid misses the phantom.
The phantom hits you.
* * * LOW HITPOINT WARNING * * *
The phantom blinks!
You blink.
An electric eel comes into view.
The electric eel shoots out a bolt of lightning at you!
The bolt of electricity hits the plant.
The plant begins to die.
The bolt of electricity hits you.
* * * LOW HITPOINT WARNING * * *
You can't drink.
The phantom attacks as you move away! The phantom completely misses you.
As you read the scroll labelled BUUH ETZIHICS, it crumbles to dust.
You feel a surge of unholy energy.
The electric eel convulses!
It was a scroll of torment.
The phantom misses you.
The electric eel shoots out a bolt of lightning at you!
The bolt of electricity hits the plant!
The bolt of electricity hits you!
You die...

# #~# # #~~♣## #
P~~~~# # #####~S~~~#
# ###....♣~~~~♣ #
#......P~~~~♣#
#...#~...~~~≈~~#
#P~.@W.PP~~~#
♣~~~...~~≈~P♣#
♣~~....~~≈≈≈~P
♣~~...~P~≈≈~~♣
♣♣~~..~P~P≈~♣♣#######
♣P~~~..~~~~~~♣.......
♣P~~....~~~~~~l).....
♣~~~....~~)~~♣.......
♣♣~~..~~~~~~♣#.......


You could see a phantom and an electric eel.

Vanquished Creatures
  2 orc warriors
  Duvessa (D:5)
  An ice beast (D:6)
  A sky beast (D:6)
  An ogre (D:5)
  2 centaurs (D:6)
  A phantom (D:5)
  A kobold brigand (D:6)
  2 scorpions
  A bullfrog (D:4)
  Dowan (D:5)
  An electric eel (D:6)
  2 hounds
  3 orc priests
  A human skeleton (D:5)
  3 iguanas
  Natasha (thrice) (D:4)
  4 orc wizards
  6 adders
  A shadow imp (D:5)
  5 white imps
  2 ufetubi
  2 worms
  5 dart slugs
  24 orcs
  8 endoplasms
  A giant cockroach (D:2)
  6 goblins
  4 hobgoblins
  A quokka (D:2)
  5 ball pythons
  7 bats
  3 frilled lizards
  9 kobolds
  7 rats
127 creatures vanquished.

Vanquished Creatures (collateral kills)
  A howler monkey (D:6)
  A giant cockroach (D:2)
  4 kobolds
6 creatures vanquished.

Vanquished Creatures (others)
  An ice beast zombie (D:6)
1 creature vanquished.

Grand Total: 134 creatures vanquished

Notes
Turn   | Place    | Note
-------+----------+-------------------------------------------
     0 | D:1      | olmar the Mummy Necromancer began the quest for the Orb.
     0 | D:1      | Reached XP level 1. HP: 13/13 MP: 4/4
   499 | D:1      | Reached XP level 2. HP: 14/19 MP: 5/5
   526 | D:1      | Found a faded altar of an unknown god.
   979 | D:2      | You fall into a shaft and drop 2 floors!
  1321 | D:2      | Gained mutation: You are in touch with the powers of death.
                  | [Mummy growth]
  1321 | D:2      | Reached XP level 3. HP: 19/24 MP: 4/7
  1481 | D:2      | Learned a level 3 spell: Vampiric Draining
  1630 | D:2      | Reached skill level 1 in Short Blades
  1638 | D:2      | Identified the +2 whip of Motejets {venom, rPois rCorr
                  | Int-4}
  2004 | D:3      | Reached XP level 4. HP: 26/31 MP: 2/9
  2205 | D:3      | Reached skill level 1 in Fighting
  2482 | D:3      | Noticed a kobold brigand
  2651 | D:3      | Reached XP level 5. HP: 37/37 MP: 10/10
  2895 | D:4      | Reached skill level 5 in Necromancy
  3222 | D:4      | Reached skill level 1 in Maces & Flails
  3406 | D:4      | Noticed Natasha
  3413 | D:4      | Killed Natasha
  3414 | D:4      | Reached XP level 6. HP: 43/43 MP: 8/12
  3676 | D:4      | Noticed Natasha
  3681 | D:4      | Killed Natasha
  3819 | D:4      | Noticed Natasha
  3826 | D:4      | Killed Natasha
  3989 | D:5      | Entered Level 5 of the Dungeon
  4190 | D:5      | Found a shadowy altar of Dithmenos.
  4500 | D:5      | Found a runed translucent door.
  4500 | D:5      | Noticed a human
  4500 | D:5      | Noticed Duvessa
  4501 | D:5      | Noticed Dowan
  4511 | D:5      | Killed Duvessa
  4512 | D:5      | Reached skill level 5 in Spellcasting
  4512 | D:5      | Reached XP level 7. HP: 42/50 MP: 7/14
  4515 | D:5      | Killed Dowan
  4520 | D:5      | Found a basalt altar of Yredelemnul.
  5145 | D:5      | Reached XP level 8. HP: 57/57 MP: 13/17
  5280 | D:5      | Learned a level 4 spell: Animate Dead
  5938 | D:6      | Killed from afar by an electric eel

Illustrated notes

Levels and vault maps discovered:
D:1:      dpeg_arrival_shelter, layout_loops_corners,
          dreamdust_ecumenical_altar_statues
D:2:      cheibrodos_helix_gallery, layout_loops_cross
D:3:      layout_loops_ring, minmay_misc_feat_enclosed,
          grunt_decor_mini_mirrors, chequers_serial_rivers_small_b,
          minmay_crystal_room, lightli_corner_chamber
D:4:      layout_loops_ring, hangedman_decor_growths, minivault_19, uniq_natasha
D:5:      layout_basic, dk_yredelemnul_ordeal, grunt_dithmenos_shadows,
          uniq_duvessa
D:6:      layout_basic, minmay_misc_feat_rows, serial_bayou_ford_a

Skill      XL: |  1  2  3  4  5  6  7  8 |
---------------+-------------------------+-----
Spellcasting   | 3 4 5 6 7 |  7.5
Short Blades   | 1 2 3 |  3.8
Dodging        | 2 3 |  3.8
Fighting       | 1 2 3 |  3.2
Necromancy     | 5 6 7 |  7.3
Maces & Flails | 1 |  1.2
Stealth        | |  1.5

Action                     |  1- 3 |  4- 6 |  7- 9 || total
---------------------------+-------+-------+-------++-------
  Melee: Dagger            |   115 |       |       ||   115
         Punch             |     2 |     1 |     2 ||     5
         Whip              |     8 |    11 |       ||    19
         Short sword       |       |   132 |   196 ||   328
   Cast: Necrotise         |    40 |     7 |    11 ||    58
         Vampiric Draining |       |    15 |    21 ||    36
         Animate Dead      |       |       |     3 ||     3
  Evoke: Wand              |       |     1 |     7 ||     8
    Use: Scroll            |     1 |       |     4 ||     5
   Stab: Sleeping          |     3 |     2 |       ||     5
         Distracted        |     1 |       |     2 ||     3
 Armour: Robe              |    25 |    24 |    35 ||    84
  Dodge: Dodged            |    85 |    74 |   125 ||   284
